cohdb
Replays
Latest Replays
All Replays
Popular Replays
Top Player Replays
Match Explorer
How It Works
Community
CoH3 Stats
Reddit
Sign in to upload your games and track your stats! →
Sign in with Steam
Match 32311642
Unlisted
Match 32311642
Overview
Messages
Build Orders
End
Construct Infanterie Kompanie
Kettenkrad Recon Vehicle
Grenadier Squad
Grenadier Squad
MG 42 Machine Gun Team
Construct Luftwaffe Kompanie
Jäger Squad
Luftwaffe Officer Quarters
Jäger Squad
Flak 30 Anti-aircraft Gun Team
Support Elements
Bruistablet
Waddn
0
0
Comments
sign in to comment!
No comments posted yet!